 Dungeon Crawl Stone Soup version 0.21.0-24-g2553a3340b (webtiles) character file.

4437 Krosko the Grappler (level 10, -5/107 HPs)
             Began as a Troll Berserker on Jan 21, 2018.
             Was a High Priest of Trog.
             Slain by a hornet (8 damage)
             ... on level 8 of the Dungeon.
             The game lasted 00:31:35 (6868 turns).

Krosko the Grappler (Troll Berserker)               Turns: 6868, Time: 00:31:37

Health: -5/107     AC:  5    Str: 30    XL:     10   Next: 14%
Magic:  3/3        EV: 10    Int:  3    God:    Trog [*****.]
Gold:   460        SH:  0    Dex:  9    Spells: 9/9 levels left

rFire    . . .     SeeInvis +   G - +2 mace (antimagic)
rCold    . . .     Gourm    +   (no shield)
rNeg     + . .     Faith    .   a - +0 animal skin
rPois    .         Spirit   .   (helmet restricted)
rElec    .         Reflect  .   (no cloak)
rCorr    .         Harm     +   (gloves unavailable)
MR       .....                  (boots unavailable)
Stlth    +.........             A - amulet of harm
HPRegen  0.67/turn              x - ring of see invisible
MPRegen  0.08/turn              r - ring of positive energy

@: lethally poisoned (-5 -> -12), slowed, very slow
A: large, unfitting armour, claws 3, fast metabolism 3, gourmand, regeneration
1, shaggy fur 1, tough skin 2
a: Berserk, Trog's Hand, Brothers in Arms, Burn Spellbooks, Renounce Religion


You were on level 8 of the Dungeon.
You worshipped Trog.
Trog was extremely pleased with you.
You were completely stuffed.

You visited 1 branch of the dungeon, and saw 8 of its levels.
You also visited: Sewer.

You collected 460 gold pieces.

Inventory:

Hand Weapons
 G - a +2 antimagic mace (weapon)
Armour
 a - a +0 animal skin (worn)
Jewellery
 e - an uncursed amulet of guardian spirit
 r - a ring of positive energy (right claw)
 v - an uncursed ring of protection from cold
 x - a ring of see invisible (left claw)
 y - an uncursed ring of poison resistance
 A - an amulet of harm (around neck)
Wands
 i - a wand of iceblast (25)
 z - a wand of clouds (7)
 F - a wand of random effects (36)
 I - a wand of flame (36)
Scrolls
 c - 3 scrolls of enchant armour {unknown}
 f - 8 scrolls of identify {unknown}
 h - 4 scrolls of fog {unknown}
 j - 3 scrolls of immolation {unknown}
 k - 6 scrolls of teleportation {unknown}
 n - 6 scrolls of blinking {unknown}
 p - 2 scrolls of amnesia {unknown}
 q - a scroll of noise {unknown}
 w - 5 scrolls of remove curse {unknown}
 C - 2 scrolls of fear {unknown}
 D - a scroll of random uselessness {unknown}
Potions
 d - 3 potions of haste {unknown}
 g - 2 potions of might {unknown}
 l - a potion of flight {unknown}
 m - a potion of mutation {unknown}
 o - 3 potions of degeneration {unknown}
 s - a potion of agility {unknown}
 t - 4 potions of brilliance {unknown}
 u - 2 potions of heal wounds {unknown}
 B - a potion of invisibility {unknown}
 J - a potion of lignification {unknown}
 K - a potion of resistance {unknown}
Books
 E - a book of Conjurations

   Spells                             Type                      Level
   a - Magic Dart                     Conjuration                  1
   b - Searing Ray                    Conjuration                  2
   c - Dazzling Spray                 Conjuration/Hexes            3
   d - Fulminant Prism                Conjuration/Hexes            4
   e - Force Lance                    Conjuration/Translocation    4
   f - Iskenderun's Mystic Blast      Conjuration                  4
   Trog disapproves of the use of such an item.
Comestibles
 b - 16 rations
 H - 4 chunks of flesh


   Skills:
 + Level 9.1 Fighting
 * Level 3.5 Maces & Flails
 - Level 2.4 Dodging
 - Level 10.3 Unarmed Combat


You had 9 spell levels left.
You didn't know any spells.

Dungeon Overview and Level Annotations

Branches:
Dungeon (8/15)             Temple (0/1) D:5
   Lair: D:8-11

Altars:
Ashenzari
Cheibriados
Elyvilon
Fedhas
Gozag
Hepliaklqana
Sif Muna
Uskayaw
Vehumet
The Shining One

Shops:
D:7 (


Innate Abilities, Weirdness & Mutations

You are too large for most types of armour.
You have claws for hands.
Your metabolism is lightning-fast.
You like to eat raw meat.
Your natural rate of healing is unusually fast.
You are covered in fur. (AC +1)
You have very tough skin. (AC +2)


Message History

* * * LOW HITPOINT WARNING * * *
You feel as though you will be slow longer.
Your ogre hits the hornet but does no damage.
The hornet stings you but does no damage.
You feel sick.
Your ogre barely misses the hornet.
The hornet stings you!
* * * LOW HITPOINT WARNING * * *
You are lethally poisoned!
You feel as though you will be slow longer.
You can move again.
* * * LOW HITPOINT WARNING * * *
You feel very sick. The hornet closely misses you.
Your ogre closely misses the hornet.
You hit the hornet but do no damage.
The hornet is heavily wounded.
* * * LOW HITPOINT WARNING * * *
You feel very sick. The hornet misses you.
Your ogre hits the hornet with a giant club!
The hornet stings you!
You die...

.......# #.# #####<#### #.######
#.# #........# #.# ##'##
#.#...##.# #.# ##...## #.#...##.#
#.#### ##.....######>#...##.#
#.##.## ##.......##........##.#
#.#...####.........#.##........##
.........'.........'.............
......####......@..#.##.....#####
...#..# ##.....y.##.###.##.#
#####.# ##....O###.###.##.# #.#
##...## #........# #.# ##'##
#####.#### #.########.# #.#
#.#........# #)# #.#.#####..##
#)# #.#.# ##...## #.#


You could see a hornet and a friendly ogre (berserk).

Vanquished Creatures
  A spriggan (D:7)
  Eustachio (D:5)
  A hungry ghost (D:6)
  3 orc warriors
  2 sky beasts
  An ice beast (D:8)
  4 ogres
  A phantom (D:4)
  6 centaurs
  A crocodile (D:8)
  8 big kobolds (Sewer)
  5 bullfrogs (D:7)
  A wyvern zombie (D:7)
  A scorpion (D:6)
  2 killer bees (D:7)
  2 howler monkeys
  2 crimson imps
  A bullfrog zombie (D:4)
  2 quasits
  A hound (D:6)
  3 orc priests
  A bullfrog skeleton (D:8)
  Jessica (D:2)
  Terence (D:3)
  2 iguanas
  6 orc wizards
  11 worker ants
  A hound zombie (D:7)
  4 worker ant zombies
  4 gnolls (D:2)
  A howler monkey zombie (D:5)
  14 adders
  2 river rats (Sewer)
  A shadow imp (D:2)
  An ooze (Sewer)
  2 adder zombies
  2 adder skeletons (D:8)
  9 worms
  2 dart slugs
  6 leopard geckos
  24 orcs
  6 ball pythons
  6 bats
  7 giant cockroaches
  8 goblins
  14 hobgoblins
  5 jackals
  14 kobolds
  6 quokkas
  4 frilled lizards
  A quokka skeleton (D:6)
  2 quokka zombies
  8 rats
  2 plants (D:5)
227 creatures vanquished.

Vanquished Creatures (collateral kills)
  An ogre (D:7)
  A howler monkey skeleton (D:7)
  A quokka (D:7)
3 creatures vanquished.

Vanquished Creatures (others)
  5 toadstools (D:1)
5 creatures vanquished.

Grand Total: 235 creatures vanquished

Notes
Turn   | Place    | Note
-------+----------+-------------------------------------------
     0 | D:1      | Krosko the Troll Berserker began the quest for the Orb.
     0 | D:1      | Reached XP level 1. HP: 22/22 MP: 0/0
    88 | D:1      | Reached XP level 2. HP: 29/29 MP: 1/1
  1023 | D:2      | Reached XP level 3. HP: 37/37 MP: 2/2
  1183 | D:2      | Reached ** piety under Trog
  1242 | D:2      | Reached skill level 4 in Unarmed Combat
  1327 | D:2      | Noticed Jessica
  1330 | D:2      | Reached XP level 4. HP: 45/45 MP: 3/3
  1333 | D:2      | Killed Jessica
  1448 | D:2      | Reached XP level 5. HP: 26/54 MP: 1/4
  1744 | D:3      | Noticed Terence
  1750 | D:3      | Killed Terence
  1790 | D:3      | Found a glowing drain.
  1823 | D:3      | Noticed a centaur
  1827 | D:3      | Killed a centaur
  1827 | D:3      | Reached skill level 5 in Unarmed Combat
  1827 | D:3      | Reached XP level 6. HP: 59/62 MP: 3/5
  1899 | D:3      | Reached *** piety under Trog
  2066 | Sewer    | Entered a sewer
  2181 | Sewer    | Reached skill level 5 in Fighting
  2181 | Sewer    | Reached skill level 6 in Unarmed Combat
  2181 | Sewer    | Reached XP level 7. HP: 39/72 MP: 3/6
  2490 | Sewer    | Reached skill level 7 in Unarmed Combat
  2861 | D:4      | Reached XP level 8. HP: 80/83 MP: 7/7
  2960 | D:4      | Reached **** piety under Trog
  3296 | D:4      | Reached skill level 8 in Unarmed Combat
  3577 | D:5      | Entered Level 5 of the Dungeon
  3599 | D:5      | Noticed Eustachio
  3605 | D:5      | Killed Eustachio
  3631 | D:5      | Found a radiant altar of Vehumet.
  3714 | D:5      | Found a blossoming altar of Fedhas.
  3751 | D:5      | Found a staircase to the Ecumenical Temple.
  3760 | D:5      | Reached XP level 9. HP: 63/93 MP: 4/8
  3840 | D:5      | Reached skill level 9 in Unarmed Combat
  4413 | D:6      | Found a shattered altar of Ashenzari.
  4465 | D:6      | Reached ***** piety under Trog
  4724 | D:6      | Noticed a dagger
  4725 | D:6      | Found a hide-covered altar of Uskayaw.
  4726 | D:6      | Noticed a hand axe
  5252 | D:7      | Found a glowing golden altar of the Shining One.
  5278 | D:7      | Found the +4 Vampire's Tooth {vamp}
  5415 | D:7      | Reached skill level 10 in Unarmed Combat
  5473 | D:7      | Found Ibounuoh's Antique Weapon Emporium.
  5640 | D:7      | Received a gift from Trog
  5855 | D:7      | Reached skill level 1 in Maces & Flails
  6079 | D:8      | Found a white marble altar of Elyvilon.
  6150 | D:8      | Found a snail-covered altar of Cheibriados.
  6280 | D:8      | Reached XP level 10. HP: 82/106 MP: 1/9
  6470 | D:8      | Found a deep blue altar of Sif Muna.
  6702 | D:8      | Found an opulent altar of Gozag.
  6702 | D:8      | Found a hazy altar of Hepliaklqana.
  6860 | D:8      | Paralysed by a hornet for 2 turns
  6864 | D:8      | Paralysed by a hornet for 3 turns
  6867 | D:8      | HP: 4/107 [poisoned by a hornet]
  6868 | D:8      | Slain by a hornet

Skill      XL: |  1  2  3  4  5  6  7  8  9 10 |
---------------+-------------------------------+-----
Fighting       | 3 4 5 6 7 8 9 |  9.1
Unarmed Combat | 4 5 6 7 8 10 | 10.3
Maces & Flails | 2 3 |  3.5
Dodging        | |  2.4

Action                   |  1- 3 |  4- 6 |  7- 9 | 10-12 || total
-------------------------+-------+-------+-------+-------++-------
Melee: Unarmed           |   121 |   110 |   330 |       ||   561
       Punch             |     1 |     1 |    18 |     4 ||    24
       Mace              |       |       |    42 |    58 ||   100
Invok: Berserk           |       |     2 |     5 |       ||     7
       Brothers in Arms  |       |       |     2 |     1 ||     3
  Eat: Ration            |     2 |       |       |       ||     2
       Chunk             |     3 |    18 |    52 |     6 ||    79
Armor: Animal skin       |    39 |    35 |   102 |    11 ||   187
Dodge: Dodged            |    54 |    55 |   137 |    32 ||   278
